TOP OF THE 1ST |
---|
Seattle Pikes batting - Pitching for Vista Panthers : RHP Mabuchi Yoshida | Pitching: RHP Mabuchi Yoshida | | Batting: RHB Pete Rideout | 0-0: Ball 1-0: Ball 2-0: Ball 3-0: Called Strike 3-1: Ground out 1-3 (Groundball, 13) | Batting: SHB Nate Rhodes | 0-0: Ball 1-0: Called Strike 1-1: Foul Ball, location: 2F 1-2: Ball 2-2: Foul Ball, location: 2F 2-2: Ball 3-2: Ground out 6-3 (Groundball, 6) | Batting: RHB Randy Sheppard | 0-0: SINGLE (Line Drive, 9S) | Batting: LHB Richard Hunter | 0-0: Ball 1-0: Called Strike 1-1: Ball Randy Sheppard is caught stealing 2nd base | Top of the 1st over - 0 runs, 1 hit, 0 errors, 0 left on base; Seattle 0 - Vista 0 | BOTTOM OF THE 1ST |
---|
Vista Panthers batting - Pitching for Seattle Pikes : RHP Gil Dickson | Pitching: RHP Gil Dickson | | Batting: LHB Bill Wilson | 0-0: Ball 1-0: Called Strike 1-1: Ball 2-1: Ball 3-1: Base on Balls | Batting: LHB Bob Cunningham | 0-0: Ball 1-0: SINGLE (Groundball, 34D) Bill Wilson to second Runner from 2nd tries for 3rd, SAFE, no throw | Batting: RHB Stephen Wilson | 0-0: Ball 1-0: SINGLE (Line Drive, 7S) Bill Wilson scores Bob Cunningham to second | Batting: SHB Juan Castro | 0-0: Ball 1-0: Ball 2-0: Called Strike 2-1: Fielders Choice at 2nd, 1-6 (Groundball, P) Bob Cunningham to third | Batting: RHB Cisco Gatán | 0-0: Called Strike 0-1: DOUBLE (Line Drive, 89D) Bob Cunningham scores Juan Castro to third | Batting: RHB Phil Matthews | 0-0: Called Strike 0-1: Ball 1-1: Ball 2-1: SINGLE (Groundball, 13) (infield hit) | Batting: RHB Carlos García | 0-0: Called Strike 0-1: Fly out, F2 (Popup, 3SF) | Batting: RHB Justin Burgess | 0-0: Ball 1-0: Ball 2-0: Called Strike 2-1: Ball 3-1: Swinging Strike 3-2: Strikes out looking | Bottom of the 1st over - 2 runs, 4 hits, 0 errors, 3 left on base; Seattle 0 - Vista 2 | TOP OF THE 2ND |
---|
Seattle Pikes batting - Pitching for Vista Panthers : RHP Mabuchi Yoshida | Batting: LHB Richard Hunter | 0-0: Called Strike 0-1: Ball 1-1: Foul Ball, location: 2F 1-2: Ball 2-2: Strikes out swinging | Batting: RHB Wallace Greene | 0-0: Ball 1-0: Ball 2-0: Fly out, F3 (Popup, 3F) | Batting: RHB Iván Gonzáles | 0-0: Ball 1-0: Ground out 6-3 (Groundball, 6) | Top of the 2nd over - 0 runs, 0 hits, 0 errors, 0 left on base; Seattle 0 - Vista 2 | BOTTOM OF THE 2ND |
---|
Vista Panthers batting - Pitching for Seattle Pikes : RHP Gil Dickson | Batting: RHB Johnny Williams | 0-0: Called Strike 0-1: Foul Ball, location: 2F 0-2: Ball 1-2: Ball 2-2: Strikes out swinging | Batting: LHB Bill Wilson | 0-0: Fly out, F9 (Flyball, 89D) | Batting: LHB Bob Cunningham | 0-0: Called Strike 0-1: Ground out U3 (Groundball, 34) | Bottom of the 2nd over - 0 runs, 0 hits, 0 errors, 0 left on base; Seattle 0 - Vista 2 | TOP OF THE 3RD |
---|
Seattle Pikes batting - Pitching for Vista Panthers : RHP Mabuchi Yoshida | Batting: SHB António Hernández | 0-0: Ball 1-0: Ground out U3 (Groundball, 3) | Batting: RHB Arnold Harmon | 0-0: Ball 1-0: DOUBLE (Line Drive, 89XD) | Batting: RHB António López | 0-0: Called Strike Arnold Harmon steals 3rd base 0-1: Ball 1-1: Ground out 6-3 (Groundball, 6) Arnold Harmon scores | Batting: RHB Pete Rideout | 0-0: SINGLE (Groundball, 4D) | Batting: SHB Nate Rhodes | 0-0: Ball 1-0: Foul Ball, location: 2F 1-1: SINGLE (Groundball, 34D) Pete Rideout to second Runner from 2nd tries for 3rd, OUT! | Top of the 3rd over - 1 run, 3 hits, 0 errors, 1 left on base; Seattle 1 - Vista 2 | BOTTOM OF THE 3RD |
---|
Vista Panthers batting - Pitching for Seattle Pikes : RHP Gil Dickson | Pitching: RHP Jonathan Long | | Batting: RHB Stephen Wilson | 0-0: Foul Ball, location: 2F 0-1: Ball 1-1: Foul Ball, location: 2F 1-2: Ball 2-2: Ball 3-2: Foul Ball, location: 2F 3-2: Foul Ball, location: 2F 3-2: Base on Balls | Batting: SHB Juan Castro | 0-0: Ground out 4-3 (Groundball, 34D) Stephen Wilson to second | Batting: RHB Cisco Gatán | 0-0: Called Strike 0-1: Called Strike 0-2: Strikes out swinging | Batting: RHB Phil Matthews | 0-0: Ball 1-0: Ball 2-0: Foul Ball, location: 2F 2-1: Swinging Strike 2-2: SINGLE (Groundball, 56D) Stephen Wilson to third Runner from 3rd tries for Home, SAFE, no throw | Batting: RHB Carlos García | 0-0: Ball 1-0: Foul Ball, location: 2F 1-1: Swinging Strike 1-2: Ball 2-2: SINGLE (Line Drive, 6M) Phil Matthews to second | Batting: RHB Justin Burgess | 0-0: Ball 1-0: Called Strike 1-1: DOUBLE (Line Drive, 9LS) Phil Matthews scores Carlos García to third Runner from 3rd tries for Home, SAFE, no throw | Batting: RHB Johnny Williams | 0-0: Ball 1-0: Ball 2-0: Called Strike 2-1: Swinging Strike 2-2: Strikes out swinging | Bottom of the 3rd over - 3 runs, 3 hits, 0 errors, 1 left on base; Seattle 1 - Vista 5 | TOP OF THE 4TH |
---|
Seattle Pikes batting - Pitching for Vista Panthers : RHP Mabuchi Yoshida | Batting: RHB Randy Sheppard | 0-0: Ball 1-0: Called Strike 1-1: Foul Ball, location: 2F 1-2: Strikes out looking | Batting: LHB Richard Hunter | 0-0: DOUBLE (Flyball, 89XD) | Batting: RHB Wallace Greene | 0-0: SINGLE (Groundball, 56D) Richard Hunter to third Runner from 3rd tries for Home, SAFE, no throw | Batting: RHB Iván Gonzáles | 0-0: Ball 1-0: Foul Ball, location: 2F Pickoff Throw to First - Out! 1-1: Fly out, F8 (Flyball, 89S) | Top of the 4th over - 1 run, 2 hits, 0 errors, 0 left on base; Seattle 2 - Vista 5 | BOTTOM OF THE 4TH |
---|
Vista Panthers batting - Pitching for Seattle Pikes : RHP Jonathan Long | Batting: LHB Bill Wilson | 0-0: Swinging Strike 0-1: Ball 1-1: Ground out 3-1 (Groundball, 34) | Batting: LHB Bob Cunningham | 0-0: Ball 1-0: Ball 2-0: Ball 3-0: Base on Balls | Batting: RHB Stephen Wilson | 0-0: Ball 1-0: Ball 2-0: Foul Ball, location: 2F 2-1: Foul Ball, location: 2F 2-2: Strikes out swinging | Batting: SHB Juan Castro | 0-0: Ball 1-0: Called Strike 1-1: Called Strike 1-2: Foul Ball, location: 2F 1-2: Ball 2-2: Ball 3-2: Base on Balls Bob Cunningham to second | Pitching: LHP Rubén Rico | | Batting: RHB Cisco Gatán | 0-0: Ball 1-0: Ball 2-0: Called Strike 2-1: Called Strike 2-2: Ball 3-2: Base on Balls Bob Cunningham to third Juan Castro to second | Batting: RHB Phil Matthews | 0-0: Ball 1-0: Ball 2-0: Ball 3-0: Called Strike 3-1: Foul Ball, location: 2F 3-2: Foul Ball, location: 2F 3-2: Base on Balls Bob Cunningham scores Juan Castro to third Cisco Gatán to second | Batting: RHB Carlos García | 0-0: Ball 1-0: Called Strike 1-1: Foul Ball, location: 2F 1-2: Ground out 6-3 (Groundball, 6M) | Bottom of the 4th over - 1 run, 0 hits, 0 errors, 3 left on base; Seattle 2 - Vista 6 | TOP OF THE 5TH |
---|
Seattle Pikes batting - Pitching for Vista Panthers : RHP Mabuchi Yoshida | Batting: SHB António Hernández | 0-0: Ball 1-0: Ground out 6-3 (Groundball, 6D) | Batting: RHB Arnold Harmon | 0-0: Called Strike 0-1: Fly out, F3 (Popup, 3S) | Batting: RHB António López | 0-0: Ground out U3 (Groundball, 34S) | Top of the 5th over - 0 runs, 0 hits, 0 errors, 0 left on base; Seattle 2 - Vista 6 | BOTTOM OF THE 5TH |
---|
Vista Panthers batting - Pitching for Seattle Pikes : LHP Rubén Rico | Batting: RHB Justin Burgess | 0-0: Foul Ball, location: 2F 0-1: Ball 1-1: Ball 2-1: Ground out 4-3 (Groundball, 4) | Batting: RHB Johnny Williams | 0-0: Ball 1-0: Foul Ball, location: 2F 1-1: Ball 2-1: Ball 3-1: Base on Balls | Pitching: RHP Francisco Carrasco | | Batting: LHB Bill Wilson | 0-0: Called Strike 0-1: Foul Ball, location: 2F 0-2: Ball 1-2: Ball 2-2: Fly out, F8 (Flyball, 8RXD) | Batting: LHB Bob Cunningham | 0-0: Called Strike 0-1: Foul Ball, location: 2F 0-2: Strikes out looking | Bottom of the 5th over - 0 runs, 0 hits, 0 errors, 1 left on base; Seattle 2 - Vista 6 | TOP OF THE 6TH |
---|
Seattle Pikes batting - Pitching for Vista Panthers : RHP Mabuchi Yoshida | Batting: RHB Pete Rideout | 0-0: Ball 1-0: Swinging Strike 1-1: Ball 2-1: Fly out, F9 (Line Drive, 9S) | Batting: SHB Nate Rhodes | 0-0: Ground out 4-3 (Groundball, 4) | Batting: RHB Randy Sheppard | 0-0: Ball 1-0: Ball 2-0: Called Strike 2-1: Ball 3-1: Called Strike 3-2: Strikes out swinging | Top of the 6th over - 0 runs, 0 hits, 0 errors, 0 left on base; Seattle 2 - Vista 6 | BOTTOM OF THE 6TH |
---|
Vista Panthers batting - Pitching for Seattle Pikes : RHP Francisco Carrasco | Batting: RHB Stephen Wilson | 0-0: Ball 1-0: Foul Ball, location: 2F 1-1: Called Strike 1-2: Ground out 5-3 (Groundball, 25) | Pitching: RHP José Jiménez | | Batting: SHB Juan Castro | 0-0: SINGLE (Groundball, 3D) | Batting: RHB Cisco Gatán | 0-0: SINGLE (Groundball, 4MD) Juan Castro to second Runner from 2nd tries for 3rd, OUT! | Batting: RHB Phil Matthews | 0-0: Ball 1-0: SINGLE (Groundball, 6MD) Cisco Gatán to second | Batting: RHB Carlos García | 0-0: Called Strike 0-1: Called Strike 0-2: SINGLE (Flyball, 78M) Cisco Gatán to third Phil Matthews to second | Pitching: LHP Cristián Escobar | | Batting: RHB Justin Burgess | 0-0: Called Strike 0-1: Ball 1-1: Ball 2-1: Ball 3-1: SINGLE (Groundball, 6MD) Cisco Gatán scores Phil Matthews to third Carlos García to second Runner from 3rd tries for Home, SAFE, no throw | Batting: RHB Johnny Williams | 0-0: Foul Ball, location: 2F 0-1: Swinging Strike 0-2: Strikes out swinging | Bottom of the 6th over - 2 runs, 5 hits, 0 errors, 2 left on base; Seattle 2 - Vista 8 | TOP OF THE 7TH |
---|
Seattle Pikes batting - Pitching for Vista Panthers : RHP Mabuchi Yoshida | Batting: LHB Richard Hunter | 0-0: Called Strike 0-1: Ball 1-1: Swinging Strike 1-2: Ball 2-2: Foul Ball, location: 2F 2-2: SINGLE (Groundball, 23) (infield hit) | Pinch Runner at 1st Ricardo Remedios: | | Batting: RHB Wallace Greene | 0-0: Ball 1-0: Called Strike 1-1: Ball 2-1: Foul Ball, location: 2F 2-2: Foul Ball, location: 2F 2-2: Strikes out swinging | Batting: RHB Iván Gonzáles | 0-0: Ball 1-0: Called Strike 1-1: Ball 2-1: Ball 3-1: Swinging Strike 3-2: Strikes out swinging Ricardo Remedios is caught stealing 2nd base Batter strikes out. | Top of the 7th over - 0 runs, 1 hit, 0 errors, 0 left on base; Seattle 2 - Vista 8 | BOTTOM OF THE 7TH |
---|
Vista Panthers batting - Pitching for Seattle Pikes : LHP Cristián Escobar | Now in RF: Ricardo Remedios | | Batting: LHB Bill Wilson | 0-0: Ball 1-0: Foul Ball, location: 2F 1-1: Swinging Strike 1-2: Strikes out looking | Batting: LHB Bob Cunningham | 0-0: Swinging Strike 0-1: Called Strike 0-2: Ball 1-2: Ground out 6-3 (Groundball, 6) | Batting: RHB Stephen Wilson | 0-0: Called Strike 0-1: Ball 1-1: Foul Ball, location: 2F 1-2: Ball 2-2: Ball 3-2: Fly out, F2 (Popup, 2LF) | Bottom of the 7th over - 0 runs, 0 hits, 0 errors, 0 left on base; Seattle 2 - Vista 8 | TOP OF THE 8TH |
---|
Seattle Pikes batting - Pitching for Vista Panthers : RHP Mabuchi Yoshida | Batting: SHB António Hernández | 0-0: Called Strike 0-1: Ball 1-1: Ground out U3 (Groundball, 23) | Batting: RHB Arnold Harmon | 0-0: Reached on error, E5 (Groundball, 56S) | Batting: RHB António López | 0-0: Called Strike 0-1: Ball 1-1: Ball 2-1: Foul Ball, location: 2F 2-2: SINGLE (Line Drive, 8LS) Arnold Harmon to second | Batting: RHB Pete Rideout | 0-0: Ball 1-0: Called Strike 1-1: Foul Ball, location: 2F 1-2: Ball 2-2: SINGLE (Flyball, 89S) Arnold Harmon to third António López to second Runner from 3rd tries for Home, SAFE, no throw | Batting: SHB Nate Rhodes | 0-0: Foul Ball, location: 2F 0-1: Grounds into double play, 6-4-3 (Groundball, 6M) | Top of the 8th over - 1 run, 2 hits, 1 error, 1 left on base; Seattle 3 - Vista 8 | BOTTOM OF THE 8TH |
---|
Vista Panthers batting - Pitching for Seattle Pikes : LHP Cristián Escobar | Batting: SHB Juan Castro | 0-0: Foul Ball, location: 2F 0-1: Foul Ball, location: 2F 0-2: Fly out, F7 (Flyball, 78XD) | Batting: RHB Cisco Gatán | 0-0: Ball 1-0: Called Strike 1-1: Ball 2-1: Foul Ball, location: 2F 2-2: Foul Ball, location: 2F 2-2: SINGLE (Groundball, 6MD) | Batting: RHB Phil Matthews | 0-0: Ball 1-0: Swinging Strike 1-1: Ball 2-1: Called Strike 2-2: Foul Ball, location: 2F 2-2: Ball 3-2: Foul Ball, location: 2F 3-2: Ground out 6-3 (Groundball, 6MS) Cisco Gatán to second | Batting: RHB Carlos García | 0-0: Fly out, F4 (Popup, 23) | Bottom of the 8th over - 0 runs, 1 hit, 0 errors, 1 left on base; Seattle 3 - Vista 8 | TOP OF THE 9TH |
---|
Seattle Pikes batting - Pitching for Vista Panthers : RHP Mabuchi Yoshida | Batting: RHB Randy Sheppard | 0-0: Called Strike 0-1: Foul Ball, location: 2F 0-2: Ball 1-2: Ball 2-2: Ball 3-2: Foul Ball, location: 2F 3-2: Fly out, F8 (Flyball, 78D) | Batting: RHB Ricardo Remedios | 0-0: Ball 1-0: Foul Ball, location: 2F 1-1: Ball 2-1: Ball 3-1: Foul Ball, location: 2F 3-2: Strikes out swinging | Batting: RHB Wallace Greene | 0-0: Called Strike 0-1: Ball 1-1: Ball 2-1: Fly out, F8 (Flyball, 8RD) | Top of the 9th over - 0 runs, 0 hits, 0 errors, 0 left on base; Seattle 3 - Vista 8 | |